 Dungeon Crawl Stone Soup version 0.21.1-1-g345015fe64 (webtiles) character file.

823 IceCat the Shield-Bearer (level 7, 0/44 HPs)
             Began as a Gargoyle Fighter on July 26, 2018.
             Was an Initiate of the Shining One.
             Slain by an ogre
             ... wielding a +0 giant spiked club
              (21 damage)
             ... on level 5 of the Dungeon.
             The game lasted 00:13:26 (3247 turns).

IceCat the Shield-Bearer (Gargoyle Fighter)         Turns: 3247, Time: 00:13:27

Health: 0/44       AC: 13    Str: 22    XL:     7   Next: 96%
Magic:  7/7        EV:  6    Int:  8    God:    the Shining One [......]
Gold:   154        SH: 10    Dex:  9    Spells: 6/6 levels left

rFire    . . .     SeeInvis .   a - +1 long sword
rCold    + . .     Gourm    .   c - +0 shield
rNeg     + . .     Faith    .   p - +0 chain mail
rPois    ∞         Spirit   .   l - +0 helmet
rElec    +         Reflect  .   s - +0 cloak
rCorr    .         Harm     .   (no gloves)
MR       .....                  (no boots)
Stlth    ..........             (no amulet)
HPRegen  0.14/turn              j - ring of protection from cold
MPRegen  0.10/turn              m - ring of flight

@: corroded, glowing
A: negative energy resistance 1, electricity resistance, unbreathing,
petrification resistance, rot immunity, AC +4
a: Renounce Religion, Evoke Flight


You were on level 5 of the Dungeon.
You worshipped the Shining One.
The Shining One was noncommittal.
You were not hungry.

You visited 1 branch of the dungeon, and saw 5 of its levels.

You collected 154 gold pieces.

Inventory:

Hand Weapons
 a - a +1 long sword (weapon)
Armour
 c - a +0 shield (worn)
 l - a +0 helmet (worn)
 p - a +0 chain mail (worn)
 s - a +0 cloak (worn)
Jewellery
 j - a ring of protection from cold (left hand)
 m - a ring of flight (right hand)
Wands
 u - a wand of paralysis (22)
Scrolls
 b - a scroll of blinking
 e - a scroll of noise
 h - 2 scrolls of remove curse
 i - a scroll of amnesia
 q - 4 scrolls of immolation
 r - 3 scrolls of identify
 t - a scroll of enchant weapon
 w - a scroll of magic mapping {unknown}
Potions
 d - a potion of might
 g - 4 potions of curing
 k - 2 potions of lignification {unknown}
 n - 2 potions of cancellation {unknown}
 o - 3 potions of brilliance {unknown}
 v - a potion of berserk rage {unknown}
 z - a potion of ambrosia {unknown}
Comestibles
 f - 10 rations
 x - 6 chunks of flesh


   Skills:
 + Level 4.8 Fighting
 + Level 4.8 Long Blades
 + Level 5.4 Armour
 + Level 1.2 Dodging
 + Level 0.2 Stealth
 + Level 5.8 Shields


You had 6 spell levels left.
You didn't know any spells.

Dungeon Overview and Level Annotations

Branches:
Dungeon (5/15)
 Temple: D:4-7

Altars:
Makhleb
Xom
The Shining One


Innate Abilities, Weirdness & Mutations

You are resistant to torment.
Your stone body is resilient. (AC +4)
You are immune to poison.
You resist negative energy. (rN+)
You are resistant to electric shocks. (rElec)
You can survive without breathing.
You are immune to petrification.
You are immune to rotting.


Message History

The jelly hits you but does no damage.
The ogre hits you with a giant spiked club.
You hit the jelly.
Your hands burn!
The jelly is moderately wounded.
The jelly hits you but does no damage. The jelly barely misses you.
You riposte.
You hit the jelly.
The jelly is heavily wounded.
You block the ogre's attack.
You slash the jelly!
You kill the jelly!
You hit the ogre.
The ogre is lightly wounded.
You block the ogre's attack.
You slash the ogre!
The ogre is heavily wounded.
You block the ogre's attack.
You hit the ogre but do no damage.
The ogre is heavily wounded.
The ogre hits you with a giant spiked club!!
You die...

# # ####. #. # # ....
... ##.. #.# ... .#.###
#.. #.# #.. ..... #.#
#.# ####..#!#.. # #.#
#.# ........# ... ..#
#.# #.O...##... .## #.#
#.@....... ..#####.#
#......... .....##.#
#....#.### ##.#....#
#....# # ##......#
#....# ######..#####
#....#
#######.....###.####
..............#.######
###########............


You could see an ogre.

Vanquished Creatures
  Pikel (D:4)
  A slave (D:4)
  An ogre (D:4)
  A centaur (D:5)
  A hound (D:4)
  Crazy Yiuf (D:2)
  A jelly (D:5)
  A worker ant (D:5)
  Robin (D:2)
  A howler monkey skeleton (D:5)
  3 adders
  2 oozes
  A worm (D:2)
  A dart slug (D:1)
  4 leopard geckos
  7 bats
  2 giant cockroaches
  13 goblins
  12 hobgoblins
  7 jackals
  12 kobolds
  5 frilled lizards
  9 rats
88 creatures vanquished.

Vanquished Creatures (others)
  A frilled lizard (D:4)
1 creature vanquished.

Grand Total: 89 creatures vanquished

Notes
Turn   | Place    | Note
-------+----------+-------------------------------------------
     0 | D:1      | IceCat the Gargoyle Fighter began the quest for the Orb.
     0 | D:1      | Reached XP level 1. HP: 14/14 MP: 1/1
    25 | D:1      | Reached XP level 2. HP: 16/19 MP: 2/2
   426 | D:1      | Reached XP level 3. HP: 19/23 MP: 3/3
   929 | D:2      | Noticed Robin
  1155 | D:2      | Killed Robin
  1155 | D:2      | Reached XP level 4. HP: 20/29 MP: 4/4
  1533 | D:2      | Found a runed door.
  1537 | D:2      | Noticed Crazy Yiuf
  1547 | D:2      | Killed Crazy Yiuf
  1737 | D:3      | Reached XP level 5. HP: 33/33 MP: 5/5
  2371 | D:4      | Noticed a slave
  2385 | D:4      | Killed a slave
  2387 | D:4      | Noticed a slave
  2388 | D:4      | Noticed Pikel
  2388 | D:4      | Noticed a slave
  2388 | D:4      | Noticed a slave
  2428 | D:4      | Killed Pikel
  2428 | D:4      | Reached skill level 5 in Armour
  2428 | D:4      | Reached skill level 1 in Dodging
  2428 | D:4      | Reached skill level 5 in Shields
  2428 | D:4      | Reached XP level 6. HP: 15/39 MP: 6/6
  2428 | D:4      | Reached XP level 7. HP: 17/44 MP: 7/7
  2500 | D:4      | Found a shimmering altar of Xom.
  2500 | D:4      | Found a shimmering altar of Xom.
  2501 | D:4      | Found a shimmering altar of Xom.
  2501 | D:4      | Found a shimmering altar of Xom.
  2669 | D:4      | Found a burning altar of Makhleb.
  2764 | D:4      | Found a shimmering altar of Xom.
  2911 | D:4      | Found a glowing golden altar of the Shining One.
  2918 | D:4      | Became a worshipper of the Shining One
  2951 | D:4      | Noticed a blizzard demon
  2954 | D:4      | Noticed an orange demon
  2954 | D:4      | Noticed a smoke demon
  3137 | D:5      | Entered Level 5 of the Dungeon
  3247 | D:5      | Slain by an ogre

Skill      XL: |  1  2  3  4  5 |
---------------+----------------+-----
Long Blades    | 2 4 |  4.8
Shields        | 4 5 |  5.8
Armour         | 5 |  5.4
Fighting       | 4 |  4.8
Dodging        | 1 |  1.2
Stealth        | |  0.2

Action                   |  1- 3 |  4- 6 |  7- 9 || total
-------------------------+-------+-------+-------++-------
Melee: Long sword        |   120 |   176 |    52 ||   348
  Use: Scroll            |       |     8 |       ||     8
       Potion            |       |     2 |       ||     2
  Eat: Chunk             |     1 |     4 |     3 ||     8
Armor: Scale mail        |    82 |       |       ||    82
       Chain mail        |       |   113 |    34 ||   147
Dodge: Dodged            |    46 |    44 |    10 ||   100
Block: Shield            |    79 |   106 |    33 ||   218
       Rpst.: Long sword |    15 |    15 |     6 ||    36
